 Dungeon Crawl Stone Soup version 0.29-a0-214-g17f627cfee (webtiles) character file.

Game seed: 3597931728486544086

48 GraveyardiganJr the Quickloader (level 3, -4/46 HPs)
             Began as a Gnoll Hunter on Feb 25, 2022.
             Slain by an ogre
             ... wielding a +0 giant club
              (11 damage)
             ... on level 4 of the Dungeon.
             The game lasted 00:10:57 (1179 turns).

GraveyardiganJr the Quickloader (Gnoll Hunter)      Turns: 1179, Time: 00:10:58

Health: -4/46      AC: 21    Str: 13    XL:     3   Next: 72%
Magic:  4/4        EV:  2    Int: 10    God:
Gold:   76         SH:  0    Dex: 12    Spells: 3/3 levels left

rFire   . . .      SeeInvis .   b - +1 hand crossbow
rCold   . . .      Faith    .   (no shield)
rNeg    . . .      Spirit   .   (body armour currently unavailable)
rPois   +          Reflect  .   (helmet currently unavailable)
rElec   .          Harm     .   (cloak currently unavailable)
rCorr   .          Rampage  .   (gloves currently unavailable)
Will    .....      NoTele   +   (boots currently unavailable)
Stlth   ++........              (no amulet)
HPRegen 0.15/turn               (no ring)
MPRegen 0.09/turn               (no ring)

@: tree-form
A: stationary, stasis, torment immunity, boosted hp, (fangs 1), strong nose,
distributed training
a: no special abilities


You were on level 4 of the Dungeon.
You were a tree.
You visited 1 branch of the dungeon, and saw 3 of its levels.

You collected 87 gold pieces.
You spent 11 gold pieces at shops.

Inventory:

Hand Weapons
 a - a +0 dagger
 b - a +1 hand crossbow (weapon)
Missiles
 e - 6 javelins
Armour
 f - a +0 leather armour
 h - a +0 pair of gloves (melded)
 k - a +0 ring mail (melded)
Scrolls
 g - 2 scrolls of holy word
 l - a scroll of vulnerability {unknown}
 m - a scroll of magic mapping {unknown}
Potions
 n - a potion of might {unknown}


   Skills:
 + Level 4.5 Fighting
 + Level 0.9 Short Blades
 + Level 0.9 Long Blades
 + Level 0.9 Axes
 + Level 0.9 Maces & Flails
 + Level 0.9 Polearms
 + Level 0.9 Staves
 + Level 0.9 Slings
 + Level 0.9 Bows
 + Level 8.5 Crossbows
 + Level 0.9 Throwing
 + Level 0.9 Armour
 + Level 4.5 Dodging
 + Level 2.4 Stealth
 + Level 0.9 Shields
 + Level 0.9 Unarmed Combat
 + Level 0.9 Spellcasting
 + Level 0.6 Conjurations
 + Level 0.6 Hexes
 + Level 0.6 Summonings
 + Level 0.6 Necromancy
 + Level 0.6 Translocations
 + Level 0.6 Transmutations
 + Level 0.6 Fire Magic
 + Level 0.6 Ice Magic
 + Level 0.6 Air Magic
 + Level 0.6 Earth Magic
 + Level 0.6 Poison Magic
 + Level 1.0 Invocations
 + Level 0.9 Evocations


You had 3 spell levels left.
You didn't know any spells.
Your spell library contained the following spells:

 Spells                   Type           Power      Damage    Failure   Level
 Freeze                   Ice            4%         1d3       26%         1
 Frozen Ramparts          Ice            2%         1d2       63%         3
 Hailstorm                Conj/Ice       1%         3d3       95%         4


Dungeon Overview and Level Annotations

Branches:
Dungeon (2/15)

Altars:

Shops:
D:1 :*

Annotations:
D:4 Eustachio, Robin


Innate Abilities, Weirdness & Mutations

You are a tree.
Your roots penetrate the ground, keeping you stationary.
You cannot be teleported.
You are immune to unholy pain and torment.
Your maximum health is greatly increased.
Your equipment is partially melded.
((You have very sharp teeth.))
Your uncanny sense of smell can sniff out nearby items.
Your experience applies equally to all skills.


Message History

The ogre barely misses you. Robin hits you but does no damage.
Shoot: b) +1 hand crossbow
Press: ? - help, Q - select action, (/) - cycle Shift-Dir - straight line, f/p - ogre
Aim: an ogre, wielding a +0 giant club (lightly wounded, 79% to hit)
You shoot a bolt.
The bolt hits the ogre but does no damage.
The ogre is lightly wounded.
Robin points. "Kill!"
Robin roars a battlecry!
The hobgoblin goes into a battle-frenzy!
The ogre hits you with a +0 giant club.
You hear a shout!
Shoot: b) +1 hand crossbow
Press: ? - help, Q - select action, (/) - cycle Shift-Dir - straight line, f/p - ogre
Aim: an ogre, wielding a +0 giant club (lightly wounded, 79% to hit)
You shoot a bolt. The bolt hits the ogre.
The ogre is moderately wounded.
Robin hits you but does no damage. The ogre hits you with a +0 giant club!
Shoot: b) +1 hand crossbow
Press: ? - help, Q - select action, (/) - cycle Shift-Dir - straight line, f/p - ogre
Aim: an ogre, wielding a +0 giant club (moderately wounded, 79% to hit)
You shoot a bolt. The bolt hits the ogre!
The ogre is severely wounded.
Robin hits you but does no damage. The ogre hits you with a +0 giant club!
* * * LOW HITPOINT WARNING * * *
Shoot: b) +1 hand crossbow
Press: ? - help, Q - select action, (/) - cycle Shift-Dir - straight line, f/p - ogre
Aim: an ogre, wielding a +0 giant club (severely wounded, 79% to hit)
You shoot a bolt.
The bolt hits the ogre but does no damage.
The ogre is severely wounded.
Robin hits you but does no damage.
Shoot: b) +1 hand crossbow
Press: ? - help, Q - select action, (/) - cycle Shift-Dir - straight line, f/p - ogre
Aim: an ogre, wielding a +0 giant club (severely wounded, 79% to hit)
You shoot a bolt.
The bolt hits the ogre but does no damage.
The ogre is severely wounded.
Robin hits you but does no damage. The ogre hits you with a +0 giant club!
You die...

.....#. .....@.# ?..
....$..# ..........
........ ...........
.......# #...........
.......####...........
......g##.....§.......
##O.......§§.g....
#♣g......§.§O.....
#.#.....§§.§...#
#........§§§§..###
...........§§§§.....
###.#####..)####>...
.... ∆#.......#.###
..... #.##...g#.#
..... ... ##.....###
...## #.....gg!


You could see an ogre, Robin and a hobgoblin (strong).

Vanquished Creatures
  An adder (D:2)
  A dart slug (D:1)
  3 bats
  2 endoplasms
  12 goblins
  6 hobgoblins
  A quokka (D:1)
  2 ball pythons (D:1)
  A frilled lizard (D:1)
  A kobold (D:1)
30 creatures vanquished.

Notes
Turn   | Place    | Note
-------+----------+-------------------------------------------
     0 | D:1      | GraveyardiganJr the Gnoll Hunter began the quest for the
                  | Orb.
     0 | D:1      | Reached XP level 1. HP: 20/20 MP: 1/1
    65 | D:1      | Found Imipn's Book Boutique.
   265 | D:1      | Found a faded altar of an unknown god.
   283 | D:1      | Reached XP level 2. HP: 25/26 MP: 2/2
   483 | D:1      | Found Wutz's General Store.
   486 | D:1      | Bought a scroll of noise for 11 gold pieces
   927 | D:2      | Reached XP level 3. HP: 21/31 MP: 3/3
  1116 | D:2      | You fall into a shaft and drop 2 floors!
  1133 | D:4      | Reached skill level 1 in Invocations
  1143 | D:4      | Noticed Robin
  1158 | D:4      | Noticed an ogre
  1169 | D:4      | Noticed Eustachio
  1179 | D:4      | Slain by an ogre

Illustrated notes

Levels and vault maps discovered:
D:1:      elethiomel_arrival_maze, layout_basic, serial_shops,
          nicolae_shop_behind_doors, nicolae_shop_statue_plus,
          shapermc_ecumenical_altar_acropolis, chequers_serial_rivers_micro_a
D:2:      layout_basic, chequers_serial_rivers_marsh
D:4:      layout_rooms, uniq_robin, uniq_eustachio

Skill      XL: |  1  2  3 |
---------------+----------+-----
Invocations    | 1 |  1.0
Fighting       | |  4.5
Short Blades   | |  0.9
Long Blades    | |  0.9
Axes           | |  0.9
Maces & Flails | |  0.9
Polearms       | |  0.9
Staves         | |  0.9
Slings         | |  0.9
Bows           | |  0.9
Crossbows      | |  8.5
Throwing       | |  0.9
Armour         | |  0.9
Dodging        | |  4.5
Stealth        | |  2.4
Shields        | |  0.9
Unarmed Combat | |  0.9
Spellcasting   | |  0.9
Conjurations   | |  0.6
Hexes          | |  0.6
Summonings     | |  0.6
Necromancy     | |  0.6
Translocations | |  0.6
Transmutations | |  0.6
Fire Magic     | |  0.6
Ice Magic      | |  0.6
Air Magic      | |  0.6
Earth Magic    | |  0.6
Poison Magic   | |  0.6
Evocations     | |  0.9

Action                   || total
-------------------------++-------
Melee: Dagger            ||    34
       Bite              ||     2
 Fire: Hand crossbow     ||    61
  Use: Scroll            ||     4
       Potion            ||     1
Armor: Ring mail         ||    16
       Skin              ||     5
Dodge: Dodged            ||    35

Table legend: (Time is in decaauts)
 A = Elapsed time spent in this place.
 B = Non-inter-level travel time spent in this place.
 C = Inter-level travel time spent in this place.
 D = Time resting spent in this place.
 E = Time spent auto-exploring this place.
 F = Levels seen in this place.
 G = Mean time per level.
                   A        B        C        D        E       F      G
               +--------+--------+--------+--------+--------+-----+--------+
         Total |   1184 |   1162 |     22 |     74 |    749 |   3 |  394.7 |
       Dungeon |   1184 |   1162 |     22 |     74 |    749 |   3 |  394.7 |
               +--------+--------+--------+--------+--------+-----+--------+

Top non-repeatable levels by time:
     D:1: 841 daAuts
     D:2: 275 daAuts
     D:4: 67 daAuts
